 Dungeon Crawl Stone Soup version 0.30-a0-424-g7412bad402 (webtiles) character file.

Game seed: 5778366967981426521

1947 cforsyth the Trooper (level 8, -1/111 HPs)
             Began as a Minotaur Berserker on Dec 10, 2022.
             Was an Elder of Trog.
             Slain by a two-headed ogre
             ... wielding a +0 giant spiked club
              (2 damage)
             ... on level 6 of the Dungeon.
             The game lasted 00:05:41 (3297 turns).

cforsyth the Trooper (Minotaur Berserker)           Turns: 3297, Time: 00:05:41

Health: -1/111     AC: 19    Str: 31    XL:     8   Next: 98%
Magic:  7/7        EV:  9    Int:  8    God:    Trog [****..]
Gold:   340        SH:  0    Dex:  9    Spells: 7/7 levels left

rFire   + . .      SeeInvis .    D - +11 falchion "Widowmaker" {vorpal, Int+4}
rCold   . . .      Faith    .    k - orb {light}
rNeg    . . .      Spirit   .    o - +2 plate armour {rF+}
rPois   +          Reflect  .    (helmet restricted)
rElec   .          Harm     .    n - +0 cloak
rCorr   .          Rampage  .    G - +0 pair of gloves
Will    .....                    j - +0 pair of boots
Stlth   ..........               (no amulet)
HPRegen 0.38/turn                i - ring of poison resistance
MPRegen 0.10/turn                J - +6 ring of strength

@: berserking, glowing, very quick
A: horns 2, retaliatory headbutt
a: Renounce Religion, Berserk, Trog's Hand, Brothers in Arms


You were on level 6 of the Dungeon.
You worshipped Trog.
Trog was greatly pleased with you.
You visited 1 branch of the dungeon, and saw 6 of its levels.

You collected 340 gold pieces.

Inventory:

Hand Weapons
 a - a +0 spear
 D - the +11 falchion "Widowmaker" (weapon) {vorpal, Int+4}
   (You found it on level 4 of the Dungeon)

   It inflicts extra damage upon your enemies.
   Int:       It affects your intelligence (+4).
Armour
 j - a +0 pair of boots (worn)
 k - an orb of light (worn)
 n - a +0 cloak (worn)
 o - a +2 plate armour of fire resistance (worn)
 G - a +0 pair of gloves (worn)
Jewellery
 i - a ring of poison resistance (left hand)
 E - a ring of magical power
 J - a +6 ring of strength (right hand)
Wands
 y - a wand of paralysis (10)
Scrolls
 b - 4 scrolls of identify {unknown}
 d - 5 scrolls of fear {unknown}
 e - 7 scrolls of teleportation {unknown}
 h - 3 scrolls of blinking {unknown}
 l - 4 scrolls of enchant armour {unknown}
 m - 2 scrolls of amnesia {unknown}
 p - 2 scrolls of enchant weapon {unknown}
 v - 2 scrolls of vulnerability {unknown}
 x - a scroll of immolation {unknown}
 A - 2 scrolls of noise {unknown}
 B - a scroll of summoning {unknown}
 I - a scroll of poison {unknown}
Potions
 c - 2 potions of cancellation {unknown}
 f - 3 potions of might {unknown}
 g - a potion of magic {unknown}
 q - a potion of lignification {unknown}
 r - 5 potions of haste {unknown}
 s - 2 potions of ambrosia {unknown}
 t - a potion of curing
 u - 2 potions of degeneration {unknown}
 w - a potion of flight {unknown}
 z - a potion of mutation {unknown}
 C - a potion of resistance {unknown}
 F - a potion of heal wounds {unknown}
 H - a potion of berserk rage {unknown}
 K - a potion of brilliance {unknown}


   Skills:
 + Level 7.9 Fighting
 + Level 7.9 Polearms
 + Level 7.4 Armour
 + Level 6.7 Dodging


You had 7 spell levels left.
You didn't know any spells.
Your spell library was empty.

Dungeon Overview and Level Annotations

Branches:
Dungeon (6/15)             Temple (0/1) D:5

Altars:
Ashenzari
Elyvilon
Gozag
Okawaru
Xom


Innate Abilities, Weirdness & Mutations

You have a pair of horns on your head.
You reflexively headbutt those who attack you in melee.


Message History

Found a stone.
There is an open door here.
You slash the white imp!
You kill the white imp!
Trog accepts your kill.
No target in view!
No target in view!
No target in view!
No target in view!
No target in view!
The yak bellows!
The two-headed ogre shouts in stereo!
You open the door.
A white imp comes into view.
The white imp shouts, "Taste defeat, thou droning weevil-witted giglet!"
There is an open door here.
You slash the white imp!
You kill the white imp!
Trog accepts your kill.
Found 6 stones.
The two-headed ogre hits you with a +0 giant spiked club!
The two-headed ogre closely misses you.
You slash the two-headed ogre!
The two-headed ogre is moderately wounded.
You slash the two-headed ogre!
The two-headed ogre is heavily wounded.
The two-headed ogre hits you with a +0 giant spiked club!!
The two-headed ogre hits you with a +0 giant club!!
* * * LOW HITPOINT WARNING * * *
You are too injured to fight recklessly!
You are too injured to fight recklessly!
A two-headed ogre is nearby!
You are too injured to fight recklessly!
You are too injured to fight recklessly!
A red film seems to cover your vision as you go berserk!
You feel yourself moving faster!
You feel mighty!
The two-headed ogre hits you with a +0 giant spiked club!
* * * LOW HITPOINT WARNING * * *
The two-headed ogre hits you with a +0 giant club.
You die...

##..#####.....#####.#......#
#..... ###.####...)#...)..#
#......#....###.####......#
#.###..#........# #......#
#.# #.#........####......#
..# #>.......#...#########
.# ####.....###'##
##...####.8# ...###.@'..+
....<#.O8#..# .... #.#######
#' ?)( ?(# # ####+###. ..
..# ## ##


You could see a two-headed ogre.

Vanquished Creatures
  Maggie (D:6)
  Sigmund (D:5)
  A water moccasin (D:5)
  3 black bears
  A sky beast (D:6)
  2 ogres
  A kobold brigand (D:6)
  A bullfrog (D:6)
  A necrophage (D:6)
  3 scorpions
  2 orc priests (D:5)
  4 hounds
  A jelly (D:4)
  Jessica (D:2)
  An iguana (D:5)
  2 orc wizards (D:5)
  Robin (D:2)
  7 adders
  3 white imps
  3 ufetubi
  A worm (D:3)
  16 orcs
  6 endoplasms
  4 giant cockroaches
  8 hobgoblins
  8 kobolds
  4 quokkas
  9 ball pythons
  5 bats
  A frilled lizard (D:3)
  14 goblins
  7 rats
123 creatures vanquished.

Vanquished Creatures (others)
  3 plants (D:5)
3 creatures vanquished.

Grand Total: 126 creatures vanquished

Notes
Turn   | Place    | Note
-------+----------+-------------------------------------------
     0 | D:1      | cforsyth the Minotaur Berserker began the quest for the
                  | Orb.
     0 | D:1      | Reached XP level 1. HP: 19/19 MP: 0/0
    87 | D:1      | You fall into a shaft and drop 1 floor!
   109 | D:1      | Reached XP level 2. HP: 25/27 MP: 1/1
   453 | D:1      | Found a faded altar of an unknown god.
   748 | D:2      | Reached XP level 3. HP: 33/33 MP: 2/2
   751 | D:2      | Reached ** piety under Trog
   850 | D:2      | Noticed Jessica
   855 | D:2      | Killed Jessica
   856 | D:2      | Reached XP level 4. HP: 40/40 MP: 3/3
   970 | D:2      | Noticed Robin
   990 | D:2      | Killed Robin
  1753 | D:4      | Reached XP level 5. HP: 47/47 MP: 4/4
  1788 | D:4      | Reached skill level 5 in Fighting
  1788 | D:4      | Reached skill level 5 in Polearms
  1841 | D:4      | Reached XP level 6. HP: 56/56 MP: 5/5
  1922 | D:4      | Reached *** piety under Trog
  1983 | D:4      | Found an iron altar of Okawaru.
  1995 | D:4      | Identified the +11 falchion "Widowmaker" {vorpal, Int+4}
  2221 | D:4      | Found a shimmering altar of Xom.
  2304 | D:5      | Entered Level 5 of the Dungeon
  2356 | D:5      | Reached skill level 5 in Armour
  2356 | D:5      | Reached XP level 7. HP: 62/62 MP: 6/6
  2474 | D:5      | Reached skill level 5 in Dodging
  2534 | D:5      | Noticed Sigmund
  2542 | D:5      | Killed Sigmund
  2617 | D:5      | Reached XP level 8. HP: 67/71 MP: 7/7
  2654 | D:5      | Found a staircase to the Ecumenical Temple.
  2881 | D:6      | Noticed Maggie
  2892 | D:6      | Killed Maggie
  3043 | D:6      | Found an opulent altar of Gozag.
  3093 | D:6      | Found a white marble altar of Elyvilon.
  3098 | D:6      | Reached **** piety under Trog
  3195 | D:6      | Found a broken altar of Ashenzari.
  3290 | D:6      | Noticed a two-headed ogre
  3297 | D:6      | HP: 1/111 [two-headed ogre/+0 giant spiked club (11)]
  3297 | D:6      | Slain by a two-headed ogre

Illustrated notes

Levels and vault maps discovered:
D:1:      minmay_arrival_four_loops, layout_rooms,
          nicolae_ecumenical_snake_handling, kennysheep_boxes
D:2:      layout_rooms, uniq_jessica, uniq_robin
D:3:      layout_rooms, st_stairs_14
D:4:      layout_cave_pools, kennysheep_little_box, okawaru_ov_weapons_minmay,
          reono_crystal_passage
D:5:      layout_rooms, minmay_temple_entry_crystal_x, serial_bayou_crossing,
          uniq_sigmund
D:6:      minmay_chambers_of_sixes, layout_basic,
          nicolae_elyvilon_peaceful_grove, lemuel_doored_altar,
          mainiacjoe_overflow_catch_the_wave, grunt_gozag_statues, uniq_maggie

Skill      XL: |  1  2  3  4  5  6  7  8 |
---------------+-------------------------+-----
Fighting       | 4 5 6 7 |  7.9
Polearms       | 4 5 6 7 |  7.9
Armour         | 3 4 5 6 7 |  7.4
Dodging        | 3 4 5 6 |  6.7

Action                   |  1- 3 |  4- 6 |  7- 9 || total
-------------------------+-------+-------+-------++-------
Melee: Spear             |    81 |    93 |       ||   174
       Headbutt          |    11 |    23 |    20 ||    54
       Falchion          |       |    11 |    76 ||    87
Invok: Berserk           |       |       |     1 ||     1
 Stab: Sleeping          |     1 |       |       ||     1
Armor: Animal skin       |     6 |       |       ||     6
       Ring mail         |     6 |       |       ||     6
       Plate armour      |     1 |    52 |    40 ||    93
Dodge: Dodged            |    33 |    40 |    32 ||   105

Table legend: (Time is in decaauts)
 A = Elapsed time spent in this place.
 B = Non-inter-level travel time spent in this place.
 C = Inter-level travel time spent in this place.
 D = Time resting spent in this place.
 E = Time spent auto-exploring this place.
 F = Levels seen in this place.
 G = Mean time per level.
                   A        B        C        D        E       F      G
               +--------+--------+--------+--------+--------+-----+--------+
         Total |   3311 |   3111 |    200 |      0 |   2458 |   6 |  551.8 |
       Dungeon |   3311 |   3111 |    200 |      0 |   2458 |   6 |  551.8 |
               +--------+--------+--------+--------+--------+-----+--------+

Top non-repeatable levels by time:
     D:1: 700 daAuts
     D:5: 564 daAuts
     D:2: 563 daAuts
     D:4: 550 daAuts
     D:3: 475 daAuts
     D:6: 458 daAuts
